 Dungeon Crawl Stone Soup version 0.20.0-4-g10b340a (webtiles) character file.

53 Exaltedone87 the Skirmisher (level 3, -4/29 HPs)
             Began as a Demonspawn Fighter on May 27, 2017.
             Killed by divine providence
             ... invoked by an orc priest
              (13 damage)
             ... on level 2 of the Dungeon.
             The game lasted 00:02:34 (1265 turns).

Exaltedone87 the Skirmisher (Demonspawn Fighter)    Turns: 1265, Time: 00:02:35

Health: -4/29      AC:  7    Str: 17    XL:     3   Next: 64%
Magic:  3/3        EV:  7    Int:  9    God:
Gold:   75         SH:  9    Dex: 12    Spells: 2/2 levels left

rFire    . . .     SeeInvis .   a - +0 flail
rCold    . . .     Gourm    .   c - +0 shield
rNeg     . . .     Faith    .   b - +0 scale mail
rPois    .         Spirit   .   (no helmet)
rElec    .         Reflect  .   (no cloak)
rCorr    +         Harm     .   e - +0 pair of gloves
MR       .....                  (no boots)
Stlth    ..........             (no amulet)
Regen    0.1/turn               l - ring of resist corrosion
MPRegen  0.1/turn               (no ring)

@: no status effects
A: demonic guardian 2
a: no special abilities


You were on level 2 of the Dungeon.
You were hungry.

You visited 1 branch of the dungeon, and saw 2 of its levels.

You collected 75 gold pieces.

Inventory:

Hand Weapons
 a - a +0 flail (weapon)
Armour
 b - a +0 scale mail (worn)
 c - a +0 shield (worn)
 e - a +0 pair of gloves (worn)
Jewellery
 l - a ring of resist corrosion (left hand)
Scrolls
 i - a scroll of enchant armour {unknown}
 j - a scroll of remove curse {unknown}
 n - 3 scrolls of identify {unknown}
 o - a scroll of enchant weapon {unknown}
 p - a scroll of teleportation {unknown}
Potions
 d - 2 potions of might
 g - a potion of haste {unknown}
 h - a potion of cancellation {unknown}
 k - 2 potions of degeneration {unknown}
 m - 3 potions of curing {unknown}
 q - a potion of lignification {unknown}
Comestibles
 f - 2 bread rations


   Skills:
 + Level 3.3 Fighting
 * Level 2.5 Maces & Flails
 + Level 2.8 Armour
 + Level 1.4 Dodging
 + Level 2.9 Shields


You had 2 spell levels left.
You didn't know any spells.

Dungeon Overview and Level Annotations

Branches:
Dungeon (2/15)

Altars:


Innate Abilities, Weirdness & Mutations

A demonic guardian rushes to your aid.


Message History

You barely miss the orc.
The orc is severely wounded.
You block the orc's attack.
You sock the orc!
You kill the orc!
You closely miss the orc. You block the orc's attack.
The orc closely misses you.
The orc priest looks braver for a moment.
You sock the orc!
You kill the orc!
You barely miss the orc priest.
The orc priest mumbles some strange prayers to Beogh against you.
Beogh smites you!
Ouch! That really hurt!
You hit the orc priest.
The orc priest is moderately wounded.
The orc priest hits you but does no damage.
The orc priest invokes the aid of Beogh against you.
Beogh smites you!
You die...

#.....≈...≈..##.##
#.#............o#.#. #
#.#............o#... #.
#. ........o..$#... #..#.
#..≈...≈.. #.#. #..#.
#.o...o..###.#. ...
#.#########..#.
#.#.##.####.((........##.
#.......@o.....#########.
###.##.#######.# #. #.
#.# #. ..# ## ###


You could see an orc priest.

Vanquished Creatures
  An adder (D:2)
  2 worms (D:2)
  2 dart slugs (D:1)
  A leopard gecko (D:1)
  2 orcs (D:2)
  2 bats
  2 giant cockroaches (D:1)
  A goblin (D:1)
  4 hobgoblins
  2 frilled lizards
  5 kobolds
  10 rats
  A plant (D:1)
35 creatures vanquished.

Notes
Turn   | Place    | Note
-------+----------+-------------------------------------------
     0 | D:1      | Exaltedone87 the Demonspawn Fighter began the quest for the Orb.
     0 | D:1      | Reached XP level 1. HP: 18/18 MP: 1/1
   101 | D:1      | Gained mutation: A weak demonic guardian rushes to your aid. [demonic ancestry]
   101 | D:1      | Reached XP level 2. HP: 22/24 MP: 2/2
   349 | D:1      | Reached skill level 1 in Dodging
   882 | D:2      | Gained mutation: A demonic guardian rushes to your aid. [demonic ancestry]
   882 | D:2      | Reached XP level 3. HP: 29/29 MP: 3/3
   928 | D:2      | Found a faded altar of an unknown god.
  1265 | D:2      | Killed from afar by an orc priest

Skill      XL: |  1  2 |
---------------+-------+-----
Maces & Flails | 2 |  2.5
Dodging        | 1 |  1.4
Fighting       | |  3.3
Armour         | |  2.8
Shields        | |  2.9

Action                   || total
-------------------------++-------
Melee: Flail             ||   187
  Eat: Chunk             ||     1
Armor: Scale mail        ||    51
Dodge: Dodged            ||    45
Block: Shield            ||    70
